 Dungeon Crawl Stone Soup version 0.23-a0-448-g1c01f63 (console) character file.

96 utis the Caller (level 4, -2/30 HPs)
             Began as a Mummy Summoner on Nov 19, 2018.
             Killed by divine providence
             ... invoked by an orc priest
              (10 damage)
             ... on level 3 of the Dungeon.
             The game lasted 00:09:11 (3873 turns).

utis the Caller (Mummy Summoner)                    Turns: 3873, Time: 00:09:11

Health: -2/30      AC:  2    Str: 11    XL:     4   Next: 41%
Magic:  10/10      EV: 12    Int: 15    God:
Gold:   132        SH:  0    Dex: 12    Spells: 2/11 levels left

rFire    x . .     SeeInvis .   f - +0 whip (drain)
rCold    + . .     Gourm    .   (no shield)
rNeg     + + +     Faith    .   a - +0 robe
rPois    ∞         Spirit   .   (no helmet)
rElec    .         Reflect  .   (no cloak)
rCorr    .         Harm     .   (no gloves)
MR       .....                  (no boots)
Stlth    ++........             (no amulet)
HPRegen  0.10/turn              (no ring)
MPRegen  0.12/turn              (no ring)

@: no status effects
A: no food or potions, fire vulnerability, cold resistance 1, negative energy
resistance 3, torment resistance, unbreathing
a: no special abilities


You were on level 3 of the Dungeon.
You were not hungry.

You visited 1 branch of the dungeon, and saw 3 of its levels.

You collected 132 gold pieces.

Inventory:

Hand Weapons
 b - a +0 mace
 f - a +0 whip of draining (weapon)
Missiles
 c - 72 stones (quivered)
 e - 12 sling bullets
 h - 8 poisoned needles
Armour
 a - a +0 robe (worn)
Scrolls
 d - 2 scrolls of identify {unknown}
 g - a scroll of enchant armour {unknown}
 i - a scroll of remove curse {unknown}
 j - a scroll of amnesia {unknown}
 k - a scroll of immolation {unknown}


   Skills:
 - Level 1.5 Dodging
 - Level 1.5 Stealth
 + Level 4.1 Spellcasting
 + Level 4.3 Summonings


You had 2 spell levels left.
You knew the following spells:

 Your Spells              Type           Power        Failure   Level  Hunger
d - Summon Guardian Gole  Hex/Summ       #.......     22%         3    N/A
f - Call Canine Familiar  Summ           ###.....     9%          3    N/A
p - Call Imp              Summ           ###.....     4%          2    N/A
z - Summon Small Mammal   Summ           ###.         3%          1    N/A

Your spell library contained the following spells:

 Spells                   Type           Power        Failure   Level  Hunger
 Summon Ice Beast         Ice/Summ       #.......     58%         4    N/A
 Summon Lightning Spire   Summ/Air       #.......     58%         4    N/A

Dungeon Overview and Level Annotations

Branches:
Dungeon (3/15)

Altars:

Annotations:
D:3 Grinder


Innate Abilities, Weirdness & Mutations

You do not eat or drink.
Your flesh is vulnerable to fire.
You are immune to poison.
Your flesh is cold resistant. (rC+)
You are immune to negative energy. (rN+++)
You are immune to unholy pain and torment.
You can survive without breathing.


Message History

There is a stone staircase leading down here.
You start resting.
HP restored.
You climb downwards.
Level annotation: Grinder
There is a stone staircase leading up here.
The orc priest hits you.
You closely miss the orc priest. The orc priest hits you.
You hit the orc priest.
The orc priest is lightly wounded.
The orc priest hits you.
You barely miss the orc priest.
The orc priest is lightly wounded.
The orc priest misses you.
The orc priest calls down the wrath of Beogh upon you.
Beogh smites you!
* * * LOW HITPOINT WARNING * * *
The orc priest invokes the aid of Beogh against you.
Beogh smites you!
You die...

░.░
░.░
░.░
░.░
░.░
░o░
░o░
░.░
░M░
░░░


You could see an orc priest and an orc.

Vanquished Creatures
  Jessica (D:3)
  An adder (D:2)
  2 worms
  A dart slug (D:1)
  3 orcs
  A ball python (D:2)
  2 goblins (D:2)
  2 hobgoblins
  4 jackals
  A quokka (D:2)
  8 bats
  2 frilled lizards
  6 kobolds
  6 rats
40 creatures vanquished.

Vanquished Creatures (collateral kills)
  A worm (D:2)
  A leopard gecko (D:1)
  A ball python (D:1)
  2 giant cockroaches (D:1)
  3 goblins (D:1)
  A hobgoblin (D:1)
  A jackal (D:1)
  2 kobolds (D:1)
12 creatures vanquished.

Grand Total: 52 creatures vanquished

Notes
Turn   | Place    | Note
-------+----------+-------------------------------------------
     0 | D:1      | utis the Mummy Summoner began the quest for the Orb.
     0 | D:1      | Reached XP level 1. HP: 13/13 MP: 4/4
   589 | D:1      | Reached XP level 2. HP: 8/19 MP: 2/5
   767 | D:1      | Learned a level 2 spell: Call Imp
  1994 | D:1      | Reached XP level 3. HP: 23/24 MP: 5/7
  1999 | D:1      | Learned a level 3 spell: Call Canine Familiar
  2942 | D:2      | Learned a level 3 spell: Summon Guardian Golem
  3363 | D:3      | Noticed Grinder
  3653 | D:3      | Noticed Jessica
  3678 | D:3      | Killed Jessica
  3678 | D:3      | Reached XP level 4. HP: 24/30 MP: 10/10
  3873 | D:3      | Killed from afar by an orc priest

Vault maps used:
D:1:      psy_arrival_terrarium, serial_bayou_pond_e, kennysheep_small_spiral
D:3:      marbit_many_paths, uniq_robin, uniq_grinder, uniq_jessica

Skill      XL: |  1  2  3 |
---------------+----------+-----
Spellcasting   | 3 4 |  4.1
Summonings     | 4 |  4.3
Dodging        | |  1.5
Stealth        | |  1.5

Action                   |  1- 3 |  4- 6 || total
-------------------------+-------+-------++-------
Melee: Mace              |    31 |       ||    31
       Whip              |   121 |     9 ||   130
Throw: Stone             |     8 |     1 ||     9
 Cast: Summon Small Mamm |    11 |       ||    11
       Call Imp          |    13 |       ||    13
       Call Canine Famil |     1 |       ||     1
 Stab: Sleeping          |     1 |       ||     1
Armor: Robe              |    35 |     1 ||    36
Dodge: Dodged            |   121 |     4 ||   125

Table legend:
 A = Non-vault XP
 B = Vault XP
 C = Vault XP percentage of total XP
 D = Non-vault monster count
 E = Vault monster count
 F = Vault count percentage of total count
                 A         B        C        D         E       F
            +---------+---------+-------+---------+---------+-------
      Total |     101 |      37 |  26.8 |      51 |       1 |   1.9
            +---------+---------+-------+---------+---------+-------
        D:1 |      44 |       0 |   0.0 |      28 |       0 |   0.0
        D:2 |      51 |       0 |   0.0 |      19 |       0 |   0.0
        D:3 |       6 |      37 |  86.0 |       4 |       1 |  20.0
            +---------+---------+-------+---------+---------+-------
